 Dungeon Crawl Stone Soup version 0.23.2-33-g5129a83 (webtiles) character file.

Game seed: 12902502366308872412

11668 tevo3000 the Protected (level 11, -6/108 HPs)
             Began as a Gargoyle Warper on July 17, 2019.
             Was a High Priest of Okawaru.
             Mangled by a nine-headed hydra (10 damage)
             ... on level 12 of the Dungeon.
             The game lasted 00:44:11 (11383 turns).

tevo3000 the Protected (Gargoyle Warper)           Turns: 11383, Time: 00:44:12

Health: -6/108     AC: 22    Str: 18    XL:     11   Next: 81%
Magic:  7/14       EV: 13    Int: 20    God:    Okawaru [*****.]
Gold:   548        SH:  0    Dex:  9    Spells: 7/15 levels left

rFire    . . .     SeeInvis .   q - +2 long sword (slice)
rCold    + . .     Gourm    .   (no shield)
rNeg     + + .     Faith    .   x - +4 ring mail of the Other World {rPois rC+ Str-5 Stlth+}
rPois    ∞         Spirit   .   (helmet restricted)
rElec    +         Reflect  .   (no cloak)
rCorr    .         Harm     +   (no gloves)
MR       .....                  (no boots)
Stlth    ..........             D - amulet of harm
HPRegen  0.28/turn              j - +6 ring of intelligence
MPRegen  0.14/turn              C - ring of positive energy

@: berserking, heroism, very quick
A: horns 1, slimy green scales 1, negative energy resistance 1, electricity
resistance, unbreathing, petrification resistance, rot immunity, AC +8
a: Heroism, Finesse, Renounce Religion


You were on level 12 of the Dungeon.
You worshipped Okawaru.
Okawaru was extremely pleased with you.
You were not hungry.

You visited 1 branch of the dungeon, and saw 12 of its levels.

You collected 760 gold pieces.
You spent 212 gold pieces at shops.

Inventory:

Hand Weapons
 a - a +0 mace
 q - a +2 long sword of slicing (weapon)
 r - a +2 dagger of protection
 y - a +1 falchion of electrocution
 E - the +2 trident "Killer Klown's Bane" {pain, Str+9 Dex-4}
   (You bought it in a shop on level 5 of the Dungeon)

   In the hands of one skilled in necromantic magic, it inflicts extra damage on
   living creatures.
   It affects your strength (+9).
   It affects your dexterity (-4).
Missiles
 e - 5 tomahawks of dispersal (quivered)
 k - 5 tomahawks
 N - 7 exploding tomahawks
Armour
 n - a +0 helmet
 o - a +2 scale mail
 x - the +4 ring mail of the Other World (worn) {rPois rC+ Str-5 Stlth+}
   (You found it on level 4 of the Dungeon)

   It affects your strength (-5).
   It protects you from cold.
   It protects you from poison.
   It makes you more stealthy.
 z - a +0 buckler
Magical Staves
 K - an uncursed staff of fire
Jewellery
 j - a +6 ring of intelligence (left hand)
 m - an uncursed amulet of magic regeneration
 C - a ring of positive energy (right hand)
 D - an amulet of harm (around neck)
 J - an uncursed ring of teleportation
Wands
 A - a wand of random effects (19)
 M - a wand of paralysis (7)
Scrolls
 c - 2 scrolls of fear
 d - 2 scrolls of blinking
 g - 2 scrolls of remove curse
 h - 3 scrolls of amnesia
 i - 4 scrolls of teleportation
 p - 8 scrolls of identify
 s - a scroll of enchant armour
 w - 2 scrolls of fog
 G - 2 scrolls of enchant weapon {unknown}
 O - a scroll of vulnerability {unknown}
Potions
 b - a potion of haste
 l - a potion of ambrosia
 v - a potion of lignification
 F - a potion of resistance
 H - a potion of cancellation
 I - a potion of agility
Miscellaneous
 P - a sack of spiders
Comestibles
 f - 10 rations


   Skills:
 + Level 10.0(15.0) Fighting
 * Level 10.9(15.9) Long Blades
 - Level 2.3(7.3) Maces & Flails
 - Level 1.1(6.1) Polearms
 - Level 0.8(5.8) Throwing
 * Level 11.3(16.3) Armour
 - Level 1.5(6.5) Dodging
 - Level 2.5 Spellcasting
 - Level 2.9 Translocations


You had 7 spell levels left.
You knew the following spells:

 Your Spells              Type           Power        Failure   Level  Hunger
a - Blink                 Tloc           N/A          10%         2    ##.....
b - Gell's Gravitas       Tloc           ##........   19%         3    ###....
c - Teleport Other        Tloc           ##......     19%         3    ###....

Your spell library contained the following spells:

 Spells                   Type           Power        Failure   Level  Hunger
 Shroud of Golubria       Chrm/Tloc      #.........   19%         2    ##.....
 Lesser Beckoning         Tloc           ##........   19%         3    ###....
 Animate Skeleton         Necr           N/A          22%         1    None
 Pain                     Necr           #...         22%         1    None
 Sandblast                Erth           #.....       22%         1    None
 Corpse Rot               Necr           N/A          32%         2    ##.....
 Poisonous Vapours        Pois/Air       #.....       32%         2    ##.....
 Conjure Flame            Conj/Fire      #.......     54%         3    ###....
 Mephitic Cloud           Conj/Pois/Air  #.......     54%         3    ###....
 Passage of Golubria      Tloc           N/A          54%         4    ####...
 Bolt of Magma            Conj/Fire/Erth #.........   99%         5    ######.
 Iskenderun's Battlesphe  Conj/Chrm      #.......     99%         5    ######.
 Venom Bolt               Conj/Pois      #.........   99%         5    ######.
 Freezing Cloud           Conj/Ice/Air   #.........   100%        6    #######
 Iron Shot                Conj/Erth      #.........   100%        6    #######
 Orb of Destruction       Conj           #.........   100%        7    #######
 Ring of Flames           Chrm/Fire      #.........   100%        7    #######
 Spellforged Servitor     Conj/Summ      #.........   100%        7    #######
 Statue Form              Tmut/Erth      Unusable     N/A         6    N/A

Dungeon Overview and Level Annotations

Branches:
Dungeon (12/15)            Temple (0/1) D:6             Orc (0/2) D:9
   Lair: D:8-11

Altars:
Cheibriados
Fedhas
Makhleb
Okawaru
Qazlal
Ru
Trog
Vehumet
Wu Jian
Xom
The Shining One

Shops:
D:4 (   D:5 (   D:8 }


Innate Abilities, Weirdness & Mutations

You are resistant to torment.
Your stone body is resilient. (AC +8)
You are immune to poison.
You resist negative energy. (rN+)
You are resistant to electric shocks. (rElec)
You can survive without breathing.
You are immune to petrification.
You are immune to rotting.
You have a pair of small horns on your head.
You are partially covered in slimy green scales. (AC +2)


Message History

The nine-headed hydra closely misses you.
The nine-headed hydra bites you.
The nine-headed hydra barely misses you.
The nine-headed hydra bites you but does no damage.
The nine-headed hydra bites you!
* * * LOW HITPOINT WARNING * * *
The nine-headed hydra closely misses you.
The nine-headed hydra bites you!
* * * LOW HITPOINT WARNING * * *
A red film seems to cover your vision as you go berserk!
Your finesse ends abruptly.
You feel yourself moving faster!
You feel mighty!
The nine-headed hydra bites you but does no damage.
The nine-headed hydra bites you.
* * * LOW HITPOINT WARNING * * *
The nine-headed hydra bites you but does no damage.
The nine-headed hydra bites you.
* * * LOW HITPOINT WARNING * * *
The nine-headed hydra bites you but does no damage.
The nine-headed hydra bites you!
You die...

#.........#
#.........#
+.....<...#
#........[#
#.........#
#.........#
#.........#
#.........#
#....@....#
######D####
... ##+#


You could see a nine-headed hydra.

Vanquished Creatures
  Harold (D:7)
  A dancing weapon (D:7)
  A tengu warrior (D:10)
  An unseen horror (D:10)
  The ghost of bande the Chopper, a novice GrFi of Okawaru (D:7)
  An ugly thing (D:11)
  Psyche (D:8)
  A gargoyle (D:11)
  Joseph (D:7)
  A troll (D:9)
  2 hornets (D:9)
  Prince Ribbit (D:6)
  Grinder (D:4)
  2 hippogriffs
  A shadow (D:11)
  7 yaks
  A basilisk (D:10)
  A hungry ghost (D:8)
  A soldier ant (D:9)
  2 ice beasts
  5 sky beasts
  A black bear (D:11)
  7 ogres
  A centaur (D:10)
  A big kobold (D:10)
  6 bullfrogs
  Blork the orc (D:5)
  A gnoll sergeant (D:9)
  A water moccasin skeleton (D:6)
  3 scorpions
  4 killer bees (D:11)
  4 wights (D:6)
  5 howler monkeys
  2 bullfrog zombies
  2 crimson imps (D:9)
  A quasit (D:10)
  7 hounds
  2 orc priests
  2 bullfrog skeletons
  2 jellies
  13 orc wizards
  2 centaur skeletons
  4 iguanas
  10 worker ants
  A killer bee zombie (D:10)
  A hound zombie (D:9)
  A worker ant zombie (D:5)
  8 gnolls
  2 howler monkey skeletons
  15 adders
  2 shadow imps
  An ooze (D:4)
  An adder skeleton (D:9)
  6 worms
  4 dart slugs
  13 leopard geckos
  34 orcs
  2 ball pythons
  6 bats
  7 giant cockroaches
  10 goblins
  7 hobgoblins
  2 jackals (D:8)
  13 kobolds
  5 quokkas
  8 frilled lizards
  A leopard gecko skeleton (D:6)
  14 rats
280 creatures vanquished.

Vanquished Creatures (others)
  A tengu conjurer (D:10)
  A hound (D:10)
  3 fungi (D:9)
  6 plants (D:10)
11 creatures vanquished.

Grand Total: 291 creatures vanquished

Notes
Turn   | Place    | Note
-------+----------+-------------------------------------------
     0 | D:1      | tevo3000 the Gargoyle Warper began the quest for the Orb.
     0 | D:1      | Reached XP level 1. HP: 12/12 MP: 3/3
    69 | D:1      | Reached XP level 2. HP: 16/18 MP: 5/5
    95 | D:1      | Learned a level 2 spell: Blink
   436 | D:1      | Reached XP level 3. HP: 16/22 MP: 6/6
  1222 | D:2      | Reached XP level 4. HP: 27/28 MP: 7/7
  1453 | D:2      | Reached skill level 1 in Long Blades
  1950 | D:3      | Reached XP level 5. HP: 32/32 MP: 8/8
  2125 | D:3      | HP: 1/33 [something/puff of flame (1)]
  2130 | D:3      | Reached XP level 6. HP: 19/38 MP: 4/9
  2578 | D:4      | Got a distressingly furry ring mail
  2589 | D:4      | Identified the +4 ring mail of the Other World {rPois rC+
                  | Str-5 Stlth+} (You found it on level 4 of the Dungeon)
  2605 | D:4      | Learned a level 3 spell: Gell's Gravitas
  2609 | D:4      | Learned a level 3 spell: Teleport Other
  2978 | D:4      | Reached XP level 7. HP: 38/44 MP: 10/10
  3058 | D:4      | Reached skill level 5 in Fighting
  3089 | D:4      | Noticed Grinder
  3096 | D:4      | Found Cauferom's Weapon Shop.
  3121 | D:4      | Killed Grinder
  3121 | D:4      | Reached skill level 5 in Long Blades
  3355 | D:5      | Entered Level 5 of the Dungeon
  3388 | D:5      | Reached XP level 8. HP: 29/51 MP: 11/11
  3417 | D:5      | Reached skill level 2 in Armour
  3676 | D:5      | Reached skill level 3 in Armour
  3899 | D:5      | Noticed Blork the orc
  3913 | D:5      | Killed Blork the orc
  3913 | D:5      | Reached skill level 4 in Armour
  4327 | D:5      | Found Hongiupp's Antique Weapon Shop.
  4333 | D:5      | Bought a smoking trident for 212 gold pieces
  4333 | D:5      | Identified the +2 trident "Killer Klown's Bane" {pain,
                  | Str+9 Dex-4} (You bought it in a shop on level 5 of the
                  | Dungeon)
  4526 | D:6      | Found a glowing golden altar of the Shining One.
  4539 | D:6      | Reached skill level 1 in Polearms
  4603 | D:6      | Reached skill level 5 in Armour
  4613 | D:6      | Reached XP level 9. HP: 45/56 MP: 12/12
  4887 | D:6      | Found an ornate altar of the Wu Jian Council.
  4967 | D:6      | Found an iron altar of Okawaru.
  4967 | D:6      | Found a snail-covered altar of Cheibriados.
  4975 | D:6      | Found a bloodstained altar of Trog.
  4977 | D:6      | Found a shimmering altar of Xom.
  4978 | D:6      | Found a stormy altar of Qazlal.
  4988 | D:6      | Became a worshipper of Warmaster Okawaru
  5089 | D:6      | Noticed Prince Ribbit
  5106 | D:6      | Killed Prince Ribbit
  5106 | D:6      | Reached skill level 6 in Armour
  5149 | D:6      | Identified Otinlam's Handbook of Earthen Darkness
  5174 | D:6      | Found a staircase to the Ecumenical Temple.
  5378 | D:7      | Noticed Harold
  5493 | D:7      | Killed Harold
  5493 | D:7      | Reached * piety under Okawaru
  5493 | D:7      | Reached skill level 7 in Armour
  6078 | D:7      | Reached ** piety under Okawaru
  6078 | D:7      | Reached XP level 10. HP: 64/64 MP: 13/13
  6098 | D:7      | Found a runed translucent door.
  6099 | D:7      | Found a shimmering altar of Xom.
  6099 | D:7      | Noticed bande's ghost (novice GrFi)
  6100 | D:7      | Noticed a +0 spear of chaos
  6103 | D:7      | Paralysed by a +0 spear of chaos for 4 turns
  6114 | D:7      | Killed bande's ghost
  6114 | D:7      | Reached skill level 8 in Armour
  6118 | D:7      | Killed a +0 spear of chaos
  6230 | D:7      | Noticed Joseph
  6243 | D:7      | HP: 3/65 [Joseph/+3 quarterstaff of protection (2)]
  6245 | D:7      | Killed Joseph
  6245 | D:7      | Reached *** piety under Okawaru
  6726 | D:7      | Found a glowing golden altar of the Shining One.
  7097 | D:7      | Found a blossoming altar of Fedhas.
  7099 | D:7      | Reached skill level 9 in Armour
  7391 | D:8      | Found Bimn's Gadget Boutique.
  7761 | D:8      | Noticed Psyche
  7770 | D:8      | Killed Psyche
  8163 | D:9      | Found a staircase to the Orcish Mines.
  8176 | D:9      | Found a burning altar of Makhleb.
  8177 | D:9      | Found a radiant altar of Vehumet.
  8702 | D:9      | Found a sacrificial altar of Ru.
  8733 | D:9      | Reached XP level 11. HP: 51/71 MP: 14/14
  8775 | D:9      | Reached skill level 10 in Armour
  8787 | D:9      | You fall through a shaft for 2 floors!
  8902 | D:11     | Reached **** piety under Okawaru
  8902 | D:11     | Reached skill level 10 in Long Blades
  9201 | D:10     | Entered Level 10 of the Dungeon
  9514 | D:10     | Killed an unseen horror
  9780 | D:10     | Noticed a tengu warrior
  9804 | D:10     | Killed a tengu warrior
  9804 | D:10     | Reached ***** piety under Okawaru
  9827 | D:10     | Received a gift from Okawaru
 10256 | D:11     | Noticed a cyan ugly thing
 10273 | D:11     | Killed a cyan ugly thing
 10323 | D:11     | Reached skill level 11 in Armour
 11164 | D:11     | Reached skill level 10 in Fighting
 11315 | D:11     | Gained mutation: You have a pair of small horns on your
                  | head. [potion of mutation]
 11315 | D:11     | Gained mutation: You are partially covered in slimy green
                  | scales. (AC +2) [potion of mutation]
 11374 | D:12     | Noticed a four-headed hydra
 11383 | D:12     | HP: 5/108 [nine-headed hydra (3)]
 11383 | D:12     | Mangled by a nine-headed hydra

Skill      XL: |  1  2  3  4  5  6  7  8  9 10 11 |
---------------+----------------------------------+-----
Fighting       | 3 4 5 6 7 9 10 | 10.0
Long Blades    | 2 3 4 5 6 8 9 10 | 10.9
Armour         | 5 7 9 11 | 11.3
Polearms       | 1 |  1.1
Maces & Flails | |  2.3
Throwing       | |  0.8
Dodging        | |  1.5
Spellcasting   | |  2.5
Translocations | |  2.9

Action                   |  1- 3 |  4- 6 |  7- 9 | 10-12 || total
-------------------------+-------+-------+-------+-------++-------
Melee: Mace              |   118 |       |       |       ||   118
       Long sword        |    23 |   165 |   268 |   440 ||   896
       Trident           |       |       |    45 |       ||    45
       Headbutt          |       |       |       |     3 ||     3
       Punch             |       |       |       |     1 ||     1
Throw: Tomahawk          |       |       |       |     1 ||     1
 Cast: Blink             |     6 |     1 |       |       ||     7
       Gell's Gravitas   |       |     1 |     2 |       ||     3
       Teleport Other    |       |       |     1 |       ||     1
Invok: Heroism           |       |       |       |     9 ||     9
       Finesse           |       |       |       |     2 ||     2
  Use: Potion            |       |     4 |     4 |    13 ||    21
       Scroll            |       |     3 |     7 |     1 ||    11
 Stab: Sleeping          |       |     1 |       |       ||     1
  Eat: Ration            |     2 |     2 |     2 |     7 ||    13
       Chunk             |       |     1 |       |       ||     1
Armor: Leather armour    |    50 |       |       |       ||    50
       Scale mail        |    43 |   124 |       |       ||   167
       Ring mail         |       |    29 |   226 |   324 ||   579
       Skin              |       |     1 |       |       ||     1
Dodge: Dodged            |   114 |   106 |   193 |   255 ||   668
       Rpst.: Long sword |     2 |    39 |    52 |    63 ||   156
